 Dungeon Crawl Stone Soup version 0.28.0 (webtiles) character file.

Game seed: 18211544736017986529

704 Ayyar the Cudgeller (level 7, -1/44 HPs)
             Began as a Gargoyle Fighter on Apr 7, 2022.
             Slain by an ogre (18 damage)
             ... on level 5 of the Dungeon.
             The game lasted 00:15:15 (5939 turns).

Ayyar the Cudgeller (Gargoyle Fighter)              Turns: 5939, Time: 00:15:16

Health: -1/44      AC: 12    Str: 22    XL:     7   Next: 66%
Magic:  7/7        EV:  9    Int:  8    God:
Gold:   107        SH:  4    Dex:  9    Spells: 6/6 levels left

rFire   . . .      SeeInvis .   h - +0 whip
rCold   . . .      Faith    .   c - +0 buckler
rNeg    + . .      Spirit   .   b - +0 scale mail
rPois   ∞          Reflect  .   (no helmet)
rElec   +          Harm     .   (no cloak)
rCorr   .          Rampage  .   (no gloves)
Will    .....                   (no boots)
Stlth   ..........              (no amulet)
HPRegen 0.14/turn               (no ring)
MPRegen 0.10/turn               (no ring)

@: mighty
A: sickness immunity, AC +4, negative energy resistance 1, electricity
resistance, torment resistance 1, petrification resistance
a: no special abilities


You were on level 5 of the Dungeon.
You visited 1 branch of the dungeon, and saw 5 of its levels.

You collected 203 gold pieces.
You spent 96 gold pieces at shops.

Inventory:

Hand Weapons
 a - a +0 flail
 h - a +0 whip (weapon)
Missiles
 o - 5 poisoned darts (quivered)
Armour
 b - a +0 scale mail (worn)
 c - a +0 buckler (worn)
Jewellery
 k - an amulet of faith
 u - a ring of protection from fire
 w - an amulet of regeneration
Wands
 z - a wand of paralysis (7)
 A - a wand of mindburst (13)
Scrolls
 i - a scroll of identify
 j - 4 scrolls of teleportation
 l - a scroll of enchant weapon
 m - 2 scrolls of fear
 n - a scroll of amnesia {unknown}
 r - a scroll of fog {unknown}
 s - a scroll of magic mapping {unknown}
 t - a scroll of holy word {unknown}
 x - a scroll of noise {unknown}
 y - a scroll of enchant armour {unknown}
Potions
 e - 3 potions of curing
 f - 2 potions of lignification
 g - a potion of cancellation {unknown}
 p - 3 potions of heal wounds
 q - a potion of magic {unknown}
 v - a potion of resistance {unknown}


   Skills:
 - Level 5.0 Fighting
 * Level 5.6 Maces & Flails
 + Level 5.3 Armour
 - Level 5.0 Shields


You had 6 spell levels left.
You didn't know any spells.
Your spell library contained the following spells:

 Spells                   Type           Power      Damage    Failure   Level
 Portal Projectile        Hex/Tloc       0%         N/A       99%         3
 Blade Hands              Tmut           0%         N/A       100%        5
 Excruciating Wounds      Necr           0%         N/A       100%        5


Dungeon Overview and Level Annotations

Branches:
Dungeon (5/15)
 Temple: D:4-7

Altars:
Xom

Shops:
D:5 *(


Innate Abilities, Weirdness & Mutations

You are immune to sickness and miasma.
Your stone body is resilient. (AC +4)
You are immune to poison.
You resist negative energy. (rN+)
You are resistant to electric shocks. (rElec)
You are resistant to unholy torment.
You are immune to petrification.


Message History

You closely miss the ogre. The ogre closely misses you.
You hit the ogre.
The ogre is lightly wounded.
You hit the ogre.
The ogre is moderately wounded.
The ogre hits you with a +0 giant club.
You completely miss the ogre.
The ogre is moderately wounded.
The ogre looks more healthy.
The ogre hits you with a +0 giant club!
You barely miss the ogre.
The ogre is heavily wounded.
You hit the ogre but do no damage.
The ogre is heavily wounded.
The ogre hits you with a +0 giant club.
Throw: 6 darts (poison)
Press: ? - help, Q - select action, (/) - cycle Shift-Dir - straight line, f/p - ogre
Aim: an ogre, wielding a +0 giant club (heavily wounded, 72% to hit)
You throw a poisoned dart. The poisoned dart hits the ogre.
The ogre is poisoned.
The ogre is heavily wounded.
The ogre barely misses you.
You hit the ogre.
The ogre is heavily wounded.
The ogre hits you with a +0 giant club!
You hit the ogre but do no damage.
The ogre is heavily wounded.
You hit the ogre.
The ogre is severely wounded.
The ogre barely misses you.
A water moccasin skeleton comes into view.
You completely miss the ogre.
The ogre is severely wounded.
The ogre barely misses you.
You feel very mighty all of a sudden.
The ogre looks more healthy.
You whack the ogre!
You kill the ogre!
You barely miss the ogre.
The ogre hits you with a +0 giant club!!
You die...

.#.....O.....#
.#...........#
##.......O...#
##..###+##..##
######..##.O########
.........#.........#
.........#.....(...#
##..##..###'####O### .
##..##..##..####@###..
....#........#.....Z....
....#........#..........
....##..##.###...##.....
....##..##.###.†.##.....
#...##............#
....#
#...##............# ...#
..................# ...
..................+ ..


You could see an ogre and a water moccasin skeleton.

Vanquished Creatures
  Pargi (D:3)
  2 ogres
  A wight (D:4)
  A howler monkey (D:4)
  3 hounds
  Terence (D:2)
  Natasha (twice) (D:3 D:2)
  An iguana (D:4)
  A gnoll (D:1)
  4 adders
  An adder skeleton (D:4)
  4 worms
  4 dart slugs
  4 orcs
  2 bats (D:1)
  6 endoplasms
  3 giant cockroaches
  7 goblins
  7 hobgoblins
  7 jackals
  11 kobolds
  3 quokkas
  5 ball pythons
  3 frilled lizards
  A quokka skeleton (D:4)
  4 rats
89 creatures vanquished.

Vanquished Creatures (others)
  An orc wizard (D:2)
1 creature vanquished.

Grand Total: 90 creatures vanquished

Notes
Turn   | Place    | Note
-------+----------+-------------------------------------------
     0 | D:1      | Ayyar the Gargoyle Fighter began the quest for the Orb.
     0 | D:1      | Reached XP level 1. HP: 14/14 MP: 1/1
   390 | D:1      | Reached XP level 2. HP: 6/19 MP: 2/2
   706 | D:1      | Reached XP level 3. HP: 23/23 MP: 3/3
  1504 | D:2      | Reached XP level 4. HP: 12/29 MP: 4/4
  2295 | D:2      | Noticed Terence
  2326 | D:2      | Killed Terence
  2327 | D:2      | Reached XP level 5. HP: 5/33 MP: 5/5
  2996 | D:3      | Noticed Natasha
  3011 | D:3      | Killed Natasha
  3104 | D:3      | Noticed Natasha
  3126 | D:2      | Killed Natasha
  3632 | D:3      | Found a shimmering altar of Xom.
  3749 | D:3      | Reached XP level 6. HP: 39/39 MP: 6/6
  3792 | D:3      | Found a faded altar of an unknown god.
  3833 | D:3      | Noticed Pargi
  3863 | D:3      | Killed Pargi
  4646 | D:4      | Reached XP level 7. HP: 44/44 MP: 7/7
  5049 | D:4      | HP: 2/44 [ogre (11)]
  5052 | D:4      | Reached skill level 5 in Fighting
  5052 | D:4      | Reached skill level 5 in Maces & Flails
  5052 | D:4      | Reached skill level 5 in Armour
  5632 | D:4      | Reached skill level 5 in Shields
  5700 | D:5      | Entered Level 5 of the Dungeon
  5713 | D:5      | Found Cusurag's Assorted Antiques.
  5729 | D:5      | Bought a scroll labelled BULADI CEOQUF for 32 gold pieces
  5729 | D:5      | Bought a scroll labelled BIBUWK FEMAXOG for 32 gold pieces
  5729 | D:5      | Bought a scroll labelled UQASHR TULE for 32 gold pieces
  5745 | D:5      | Found Omelest's Weapon Emporium.
  5939 | D:5      | Slain by an ogre

Illustrated notes

Levels and vault maps discovered:
D:1:      amcnicky_arrival_flooded_fountain, layout_basic,
          minmay_misc_feat_square, hangedman_decor_clover_reticule
D:2:      layout_basic, uniq_terence
D:3:      layout_rooms, nicolae_overflow_hidden_temple,
          chequers_ecumenical_altar_simple_redux, uniq_natasha, uniq_pargi
D:4:      layout_basic, chequers_serial_rivers_micro_b, minmay_quantized
D:5:      layout_gridville, serial_shops, nicolae_shop_waterfront,
          nicolae_stop_n_shop_2, chequers_serial_rivers_micro_e

Skill      XL: |  1  2  3  4  5  6  7 |
---------------+----------------------+-----
Maces & Flails | 3 4 5 |  5.6
Fighting       | 4 5 |  5.0
Armour         | 4 5 |  5.3
Shields        | 4 5 |  5.0

Action                   |  1- 3 |  4- 6 |  7- 9 || total
-------------------------+-------+-------+-------++-------
Melee: Flail             |    16 |       |       ||    16
       Whip              |    89 |   296 |   110 ||   495
Throw: Dart              |     1 |     6 |     2 ||     9
  Use: Potion            |       |     1 |     2 ||     3
       Scroll            |       |       |     5 ||     5
Armor: Scale mail        |    42 |   160 |    29 ||   231
Dodge: Dodged            |    53 |    99 |    31 ||   183
Block: Buckler           |    22 |    58 |    19 ||    99
